 Dungeon Sprint DCSS version 0.21.1-1-g345015fe64 (webtiles) character file.

123 Greboboi the Shield-Bearer (level 5, 0/50 HPs)
             Began as a Hill Orc Fighter on June 24, 2018.
             Was an Initiate of Makhleb.
             Slain by a gargoyle
             ... wielding a +0 morningstar
              (5 damage)
             ... in the Dungeon (Sprint IX: "|||||||||||||||||||||||||||||").
             The game lasted 00:01:39 (272 turns).

Greboboi the Shield-Bearer (Hill Orc Fighter)        Turns: 272, Time: 00:01:40

Health: 0/50       AC: 11    Str: 25    XL:     5   Next: 7%
Magic:  5/5        EV: 11    Int: 11    God:    Makhleb [......]
Gold:   0          SH: 10    Dex: 10    Spells: 4/4 levels left

rFire    . . .     SeeInvis .   q - +2 scimitar (holy)
rCold    . . .     Gourm    .   c - +0 shield
rNeg     . . .     Faith    .   t - +1 scale mail
rPois    .         Spirit   .   (no helmet)
rElec    .         Reflect  .   r - +0 cloak
rCorr    .         Harm     .   s - +0 pair of gloves
MR       .....     NoTele   +   (no boots)
Stlth    ..........             (no amulet)
HPRegen  0.16/turn              l - +3 ring of intelligence
MPRegen  0.09/turn              u - +2 ring of evasion

@: mighty, hasted, very quick
A: no striking features
a: Renounce Religion


You were in the Dungeon.
You worshipped Makhleb.
Makhleb was noncommittal.
You were not hungry.

You visited 1 branch

Inventory:

Hand Weapons
 a - a +0 long sword
 q - a +2 scimitar of holy wrath (weapon)
Armour
 b - a +0 scale mail
 c - a +0 shield (worn)
 r - a +0 cloak (worn)
 s - a +0 pair of gloves (worn)
 t - a +1 scale mail (worn)
Jewellery
 l - a +3 ring of intelligence (left hand)
 u - a +2 ring of evasion (right hand)
Wands
 p - a wand of acid (10)
Scrolls
 k - 2 scrolls of blinking
 n - 3 scrolls of remove curse
 o - 2 scrolls of amnesia
Potions
 e - 5 potions of curing
 g - 3 potions of heal wounds
 i - 4 potions of magic
 j - a potion of berserk rage
 m - a potion of invisibility
Comestibles
 f - a ration


   Skills:
 + Level 6.1 Fighting
 * Level 5.0 Long Blades
 * Level 6.1 Armour
 * Level 2.4 Dodging
 * Level 6.2 Shields


You had 4 spell levels left.
You didn't know any spells.

Dungeon Overview and Level Annotations

Branches:
Dungeon (1/1)

Altars:
Cheibriados
Dithmenos
Elyvilon
Fedhas
Gozag
Hepliaklqana
Kikubaaqudgha
Makhleb
Nemelex Xobeh
Okawaru
Qazlal
Ru
Sif Muna
Trog
Uskayaw
Vehumet
Wu Jian
Xom
Yredelemnul
Zin
The Shining One
Beogh
Jiyva
Lugonu


Message History

You feel stronger.
The gargoyle hurls a stone arrow at you.
You block the stone arrow.
There is an open door to the Dungeon here.
You see here a scorpion corpse.
You barely miss the gargoyle.
The gargoyle hits you with a morningstar!!
You are too injured to fight recklessly!
You are too injured to fight recklessly!
You slice the gargoyle!!
The gargoyle is severely damaged.
Your shield prevents you from hitting the gargoyle.
The gargoyle is severely damaged.
The gargoyle hurls a stone arrow at you.
The stone arrow hits you!
* * * LOW HITPOINT WARNING * * *
Your shield and scale mail prevent you from hitting the gargoyle.
The gargoyle is severely damaged.
The gargoyle hits you with a morningstar.
You die...

▓+▓
▓.▓
▓.▓
▓Z▓
▓o▓
▓S▓
▓9▓
▓@▓
▓.▓
▓.▓
▓.▓
▓.▓
▓.▓
▓)▓
▓|▓
▓.▓


You could see an orc warrior, a gargoyle, an adder and a quokka skeleton.

Vanquished Creatures
  A scorpion (D)
  2 jellies (D)
  A shadow imp (D)
  2 leopard geckos (D)
  2 frilled lizards (D)
  3 kobolds (D)
  A rat (D)
12 creatures vanquished.

Notes
Turn   | Place    | Note
-------+----------+-------------------------------------------
     0 | D        | Greboboi the Hill Orc Fighter began the quest for the Orb.
     0 | D        | Reached XP level 1. HP: 19/19 MP: 1/1
    31 | D        | Noticed a jelly
    31 | D        | Noticed a jelly
    42 | D        | Killed a jelly
    42 | D        | Reached skill level 5 in Fighting
    42 | D        | Reached skill level 5 in Shields
    42 | D        | Reached XP level 2. HP: 22/29 MP: 2/2
    42 | D        | Reached XP level 3. HP: 27/36 MP: 3/3
    44 | D        | Reached skill level 5 in Armour
    44 | D        | Reached skill level 1 in Dodging
    44 | D        | Reached XP level 4. HP: 33/44 MP: 4/4
   190 | D        | Found a roughly hewn altar of Beogh.
   190 | D        | Found a snail-covered altar of Cheibriados.
   190 | D        | Found a shadowy altar of Dithmenos.
   190 | D        | Found a white marble altar of Elyvilon.
   190 | D        | Found a blossoming altar of Fedhas.
   190 | D        | Found an opulent altar of Gozag.
   191 | D        | Found a hazy altar of Hepliaklqana.
   192 | D        | Found a viscous altar of Jiyva.
   193 | D        | Found an ancient bone altar of Kikubaaqudgha.
   194 | D        | Found a corrupted altar of Lugonu.
   195 | D        | Found a burning altar of Makhleb.
   196 | D        | Found a sparkling altar of Nemelex Xobeh.
   197 | D        | Found an iron altar of Okawaru.
   198 | D        | Found a stormy altar of Qazlal.
   199 | D        | Found a sacrificial altar of Ru.
   200 | D        | Found a deep blue altar of Sif Muna.
   201 | D        | Found a bloodstained altar of Trog.
   202 | D        | Found a hide-covered altar of Uskayaw.
   203 | D        | Became a worshipper of Makhleb the Destroyer
   204 | D        | Found a radiant altar of Vehumet.
   205 | D        | Found an ornate altar of the Wu Jian Council.
   206 | D        | Found a shimmering altar of Xom.
   207 | D        | Found a basalt altar of Yredelemnul.
   208 | D        | Found a glowing silver altar of Zin.
   209 | D        | Found a glowing golden altar of the Shining One.
   262 | D        | Noticed an orc warrior
   262 | D        | Noticed a gargoyle
   267 | D        | Reached skill level 5 in Long Blades
   267 | D        | Reached XP level 5. HP: 45/50 MP: 5/5
   272 | D        | Slain by a gargoyle

Skill      XL: |  1  2  3  4 |
---------------+-------------+-----
Fighting       | 5 6 |  6.1
Armour         | 4 5 6 |  6.1
Shields        | 5 6 |  6.2
Long Blades    | 3 4 5 |  5.0
Dodging        | 1 2 |  2.4

Action                   |  1- 3 |  4- 6 || total
-------------------------+-------+-------++-------
Melee: Long sword        |    21 |     7 ||    28
       Scimitar          |       |     9 ||     9
  Use: Potion            |       |     2 ||     2
Armor: Scale mail        |     4 |     1 ||     5
Dodge: Dodged            |     4 |       ||     4
Block: Shield            |    12 |     8 ||    20
       Rpst.: Long sword |     1 |       ||     1
